Rafales vs Atomiques
Created - February 28, 2018 at 22:52
Goals
|
Rafales |
1 |
4 |
1 |
6 |
Atomiques |
2 |
0 |
2 |
4 |
|
Shots
|
Rafales |
8 |
15 |
7 |
30 |
Atomiques |
12 |
12 |
8 |
32 |
|
1st period
1. Atomiques , Dwight King 29 (Marc-André Cliche 27) at 0:06
2. Atomiques , Corey Tropp 18 (Marc-André Cliche 28) at 13:03
3. Rafales , Connor Murphy 3 (Julian Melchiori 14, Tim Crowder 12) at 19:02
Penalties :
Kyle Wharton (STB) for Hooking (Minor) at 2:25, Dylan McIlrath (Stf) for Roughing (Minor) at 5:49, Carl Klingberg (Stf) for High sticking (Double Minor) at 13:23
2nd period
4. Rafales , Mike Zigomanis 26 (Chris Terry 5, Connor Murphy 13) at 1:38
5. Rafales , Mike Zigomanis 27 (Cody McLeod 50, Marc-André Gragnani 18) at 16:06
6. Rafales , Cody McLeod 38 (Mike Zigomanis 44, Milan Bartovic 23) at 16:14
7. Rafales , Carl Klingberg 19 (Nathan Davis 30, Connor Murphy 14) at 18:50
Penalties :
Mark Fayne (Stf) for Roughing (Minor) at 11:37
3rd period
8. Atomiques , Kyle Wharton 6 (Corey Tropp 21, Dwight King 36) at 1:53
9. Atomiques , Dwight King 30 (Corey Tropp 22, Marc-André Cliche 29) at 9:32
10. Rafales , Kevin Veilleux 11 (Mike Zigomanis 45, Cody McLeod 51) at 15:57
Penalties :
Brett Sutter (STB) for Holding (Minor) at 5:15
Goalie Stats
Leland Irving (Stf), 28 saves from 32 shots - (0.875), W, 4-2-1, 60:00 minutes
Sergei Bobrovsky (STB), 6 saves from 7 shots - (0.857), 21:10 minutes
Jeremy Smith (STB), 18 saves from 23 shots - (0.783), L, 5-8-0, 38:50 minutes
Players Stats for Rafales
Player Name G A P +/- PIM S H SB GA TA FO MP PP MP PK MP
------------------------------------------------------------------------------------
Akim Aliu 0 0 0 0 0 0 0 0 0 0 0/0 0:00 0:00 0:00
Ben Thomson 0 0 0 0 0 0 0 0 0 0 0/0 0:00 0:00 0:00
Brian Ferlin 0 0 0 1 0 1 2 1 0 0 0/0 12:05 0:22 0:28
Carl Klingberg 1 0 1 1 4 2 2 0 0 0 0/0 9:58 0:00 0:02
Chris Terry 0 1 1 1 0 1 3 0 0 0 0/0 8:20 0:00 0:00
Cody McLeod 1 2 3 1 0 2 3 1 1 0 2/4 21:37 2:05 2:53
Connor Murphy 1 2 3 1 0 5 0 0 0 0 0/0 23:35 1:52 4:11
Dylan McIlrath 0 0 0 0 2 0 0 0 0 0 0/0 12:12 0:00 0:47
James Marcou 0 0 0 1 0 0 0 0 0 1 1/1 8:20 0:00 0:00
Jarret Stoll 0 0 0 -1 0 3 0 1 0 1 5/12 18:38 1:31 3:57
Jayson Megna 0 0 0 0 0 0 0 0 0 0 0/0 0:48 0:22 0:26
Julian Melchiori 0 1 1 3 0 2 3 0 0 1 0/0 27:26 1:52 2:50
Kevin Veilleux 1 0 1 1 0 2 3 0 0 0 3/4 8:20 0:00 0:00
Maksim Mayorov 0 0 0 0 0 0 0 0 0 0 0/0 0:00 0:00 0:00
Marc-André Gragnani 0 1 1 -1 0 5 5 2 1 1 0/0 29:25 2:06 4:39
Mark Fayne 0 0 0 1 2 0 2 1 1 1 0/0 26:07 2:06 2:59
Michael Bournival 0 0 0 -1 0 2 2 0 0 0 1/1 15:31 1:31 0:50
Mike Zigomanis 2 2 4 1 0 4 2 2 2 1 14/29 21:59 2:05 3:50
Milan Bartovic 0 1 1 1 0 0 7 0 0 2 2/2 21:07 2:05 2:23
Nathan Davis 0 1 1 1 0 1 1 1 0 0 4/8 9:49 0:00 0:00
Nicklas Jensen 0 0 0 0 0 0 0 0 0 0 0/0 0:00 0:00 0:00
Petr Kalus 0 0 0 0 0 0 0 0 0 0 0/0 0:22 0:22 0:00
Ryan Bourque 0 0 0 0 0 0 0 0 0 0 0/0 1:40 0:00 1:33
Stefan Chaput 0 0 0 0 0 0 0 0 0 0 0/0 0:00 0:00 0:00
Tim Crowder 0 1 1 -1 0 0 4 1 2 1 0/0 14:41 1:31 0:00
Players Stats for Atomiques
Player Name G A P +/- PIM S H SB GA TA FO MP PP MP PK MP
------------------------------------------------------------------------------------
Andreas Engqvist 0 0 0 -1 0 2 2 0 0 0 3/11 11:57 0:00 1:20
Andrew Kozek 0 0 0 -1 0 1 1 0 1 1 0/0 12:44 0:23 1:34
Bobby Farnham 0 0 0 -1 0 1 2 1 0 0 0/0 17:05 3:15 0:00
Brett Sutter 0 0 0 -1 2 4 2 1 2 1 10/14 17:17 3:18 0:07
Brock McGinn 0 0 0 -1 0 1 0 0 0 0 0/0 6:40 0:00 0:00
Colby Cohen 0 0 0 -1 0 0 0 0 0 0 0/0 11:19 0:00 0:28
Corey Tropp 1 2 3 1 0 4 2 0 1 1 0/1 20:18 3:37 0:00
Darren Kramer 0 0 0 -1 0 1 0 0 0 0 0/1 7:17 0:13 0:24
Dwight King 2 1 3 1 0 4 1 0 1 1 2/4 22:18 3:37 1:57
Eric Gustafsson 0 0 0 0 0 0 0 0 0 0 0/0 4:17 0:00 0:00
Eric Mestery 0 0 0 -1 0 0 0 2 0 0 0/0 11:27 0:00 0:36
Fredrik Claesson 0 0 0 0 0 0 0 0 0 0 0/0 0:44 0:44 0:00
John Draeger 0 0 0 0 0 0 0 0 0 0 0/0 5:01 0:44 0:00
Jonas Junland 0 0 0 -2 0 1 2 0 0 0 0/0 18:23 3:11 1:42
Joseph Cramarossa 0 0 0 0 0 0 0 0 0 0 0/0 0:59 0:52 0:00
Kenndal McArdle 0 0 0 -1 0 4 2 0 0 0 0/0 18:42 3:18 1:34
Kyle Wharton 1 0 1 1 2 2 3 3 1 0 0/0 24:47 4:02 1:12
Marc-André Cliche 0 3 3 1 0 3 1 0 1 1 14/28 21:37 3:45 0:57
Max McCormick 0 0 0 -1 0 0 1 0 0 0 0/0 7:31 0:51 0:00
Mike Halmo 0 0 0 0 0 0 0 0 0 0 0/1 0:52 0:42 0:03
Mitch Callahan 0 0 0 -1 0 0 1 0 0 0 0/1 10:37 0:00 0:00
Shayne Gostisbehere 0 0 0 -2 0 2 0 2 1 1 0/0 18:23 3:11 1:42
Steve McCarthy 0 0 0 1 0 2 1 1 1 1 0/0 25:45 4:02 2:16
3 Stars
1 - Mike Zigomanis (Stf)
2 - Cody McLeod (Stf)
3 - Dwight King (STB)
Power Play
Rafales - 0 on 2 Attempt(s) - 0.00%
Atomiques - 0 on 4 Attempt(s) - 0.00%
Penalty Kill
Rafales - 4 on 4 Attempt(s) - 100.00%
- Score 0 goal in Penalty Kill
Atomiques - 2 on 2 Attempt(s) - 100.00%
- Score 0 goal in Penalty Kill
Team Stat
Rafales - Hits : 39 - Faceoff Wins : 32 - Blocked Shots : 10 - Penalty Minutes : 8
Atomiques - Hits : 21 - Faceoff Wins : 29 - Blocked Shots : 10 - Penalty Minutes : 4
Official
Referees : Rehman Kyle and Martell Rob
Linesman : Mike Cvik and Tony Sericolo
Game Notes
Sergei Bobrovsky enters game at 18:50 of 2nd period
Finance
Level 1 -- Attendance: 1371 (68.55%) -- Ticket Income $54,840
Level 2 -- Attendance: 796 (79.60%) -- Ticket Income $15,920
Total Attendance: 2167 (72.23%)
Total Ticket Income: $70,760
Other Income: $3,538
Total Income: $74,298
Rafales
5 vs 5 Forward
Center Left Wing Right Wing Time % Phy DF OF
1 Mike Zigomanis Cody McLeod Milan Bartovic 40 1 2 2
2 Jarret Stoll Michael Bournival Tim Crowder 30 1 2 2
3 Nathan Davis Carl Klingberg Brian Ferlin 20 1 2 2
4 Kevin Veilleux Chris Terry James Marcou 10 1 2 2
5 vs 5 Defense
Defense Defense Time % Phy DF OF
1 Marc-André Gragnani Mark Fayne 40 1 2 2
2 Julian Melchiori Connor Murphy 30 1 2 2
3 Dylan McIlrath Marc-André Gragnani 20 1 2 2
4 Mark Fayne Julian Melchiori 10 1 2 2
PowerPlay Forward
Center Left Wing Right Wing Time % Phy DF OF
1 Mike Zigomanis Cody McLeod Milan Bartovic 60 1 2 2
2 Jarret Stoll Michael Bournival Tim Crowder 40 1 2 2
PowerPlay Defense
Defense Defense Time % Phy DF OF
1 Marc-André Gragnani Mark Fayne 60 1 2 2
2 Julian Melchiori Connor Murphy 40 1 2 2
Penalty Kill 4 Players Forward
Center Wing Time % Phy DF OF
1 Mike Zigomanis Jarret Stoll 60 1 2 2
2 Cody McLeod Milan Bartovic 40 1 2 2
Penalty Kill 4 Players Defense
Defense Defense Time % Phy DF OF
1 Marc-André Gragnani Mark Fayne 60 1 2 2
2 Julian Melchiori Connor Murphy 40 1 2 2
Penalty Kill - 3 Players Forward
Forward Time % Phy DF OF
1 Mike Zigomanis 60 1 2 2
2 Jarret Stoll 40 1 2 2
Penalty Kill - 3 Players Defense
Defense Defense Time % Phy DF OF
1 Marc-André Gragnani Mark Fayne 60 1 2 2
2 Julian Melchiori Connor Murphy 40 1 2 2
4 vs 4 Forward
Center Wing Time % Phy DF OF
1 Mike Zigomanis Jarret Stoll 60 1 2 2
2 Cody McLeod Milan Bartovic 40 1 2 2
4 vs 4 Defense
Defense Defense Time % Phy DF OF
1 Marc-André Gragnani Mark Fayne 60 1 2 2
2 Julian Melchiori Connor Murphy 40 1 2 2
Last Minutes Offensive
Center Left Wing Right Wing Defense Defense
Mike Zigomanis Cody McLeod Milan Bartovic Marc-André Gragnani Mark Fayne
Last Minutes Defensive
Center Left Wing Right Wing Defense Defense
Mike Zigomanis Cody McLeod Milan Bartovic Marc-André Gragnani Mark Fayne
Goaltenders
Starting : Leland Irving
Backup : Philipp Grubauer
Extra Forwards
Normal : Petr Kalus, Jayson Megna, Ryan Bourque - PP : Petr Kalus, Jayson Megna - PK : Ryan Bourque
Extra Defensemen
Normal : Dylan McIlrath, Connor Murphy, Marc-André Gragnani - PP : Dylan McIlrath - PK : Connor Murphy, Marc-André Gragnani
Penalty Shots
Mike Zigomanis, Jarret Stoll, Cody McLeod, Milan Bartovic, Nathan Davis
Scratches
Ben Sexton (Healthy), Cedric Paquette (Healthy), Ben Johnson (Healthy), Slater Koekkoek (Healthy), Brad Ross (Healthy)
David Broll (Healthy), Dennis Persson (Healthy), Chris Driedger (Healthy)
Atomiques
5 vs 5 Forward
Center Left Wing Right Wing Time % Phy DF OF
1 Marc-André Cliche Dwight King Corey Tropp 40 1 2 2
2 Brett Sutter Kenndal McArdle Bobby Farnham 30 1 2 2
3 Andreas Engqvist Andrew Kozek Mitch Callahan 20 1 2 2
4 Darren Kramer Brock McGinn Max McCormick 10 1 2 2
5 vs 5 Defense
Defense Defense Time % Phy DF OF
1 Steve McCarthy Kyle Wharton 40 1 2 2
2 Jonas Junland Shayne Gostisbehere 30 1 2 2
3 Colby Cohen Eric Mestery 20 1 2 2
4 Eric Gustafsson John Draeger 10 1 2 2
PowerPlay Forward
Center Left Wing Right Wing Time % Phy DF OF
1 Marc-André Cliche Dwight King Corey Tropp 60 1 2 2
2 Brett Sutter Kenndal McArdle Bobby Farnham 40 1 2 2
PowerPlay Defense
Defense Defense Time % Phy DF OF
1 Steve McCarthy Kyle Wharton 60 1 2 2
2 Jonas Junland Shayne Gostisbehere 40 1 2 2
Penalty Kill 4 Players Forward
Center Wing Time % Phy DF OF
1 Dwight King Kenndal McArdle 60 1 2 2
2 Marc-André Cliche Andrew Kozek 40 1 2 2
Penalty Kill 4 Players Defense
Defense Defense Time % Phy DF OF
1 Steve McCarthy Kyle Wharton 60 1 2 2
2 Jonas Junland Shayne Gostisbehere 40 1 2 2
Penalty Kill - 3 Players Forward
Forward Time % Phy DF OF
1 Dwight King 60 1 2 2
2 Kenndal McArdle 40 1 2 2
Penalty Kill - 3 Players Defense
Defense Defense Time % Phy DF OF
1 Steve McCarthy Kyle Wharton 60 1 2 2
2 Jonas Junland Shayne Gostisbehere 40 1 2 2
4 vs 4 Forward
Center Wing Time % Phy DF OF
1 Dwight King Kenndal McArdle 60 1 2 2
2 Marc-André Cliche Andrew Kozek 40 1 2 2
4 vs 4 Defense
Defense Defense Time % Phy DF OF
1 Steve McCarthy Kyle Wharton 60 1 2 2
2 Jonas Junland Shayne Gostisbehere 40 1 2 2
Last Minutes Offensive
Center Left Wing Right Wing Defense Defense
Marc-André Cliche Dwight King Corey Tropp Steve McCarthy Kyle Wharton
Last Minutes Defensive
Center Left Wing Right Wing Defense Defense
Marc-André Cliche Dwight King Corey Tropp Steve McCarthy Kyle Wharton
Goaltenders
Starting : Jeremy Smith
Backup : Sergei Bobrovsky
Extra Forwards
Normal : Joseph Cramarossa, Mike Halmo, Andreas Engqvist - PP : Joseph Cramarossa, Mike Halmo - PK : Andreas Engqvist
Extra Defensemen
Normal : Fredrik Claesson, Colby Cohen, Eric Mestery - PP : Fredrik Claesson - PK : Colby Cohen, Eric Mestery
Penalty Shots
Dwight King, Kenndal McArdle, Marc-André Cliche, Andrew Kozek, Corey Tropp
Scratches
Tyler Brenner (Strained Left Elbow Injury), Anthony Nigro (Back Spasms Injury), Francois Tremblay (Healthy)
% Time on Ice - Rafales
Lines # - Real PCT - Wanted PCT - Time Play
Normal Forward
1 - 34% - 40% - 16:11
2 - 29% - 30% - 13:45
3 - 20% - 20% - 9:49
4 - 17% - 10% - 8:20
Normal Defense
1 - 33% - 40% - 15:55
2 - 36% - 30% - 17:17
3 - 20% - 20% - 9:31
4 - 11% - 10% - 5:22
PP Forward
1 - 62% - 60% - 2:27
2 - 38% - 40% - 1:31
PP Defense
1 - 53% - 60% - 2:06
2 - 47% - 40% - 1:52
PK Forward
1 - 70% - 60% - 5:34
2 - 30% - 40% - 2:23
PK Defense
1 - 68% - 60% - 5:26
2 - 32% - 40% - 2:31
PK3 Forward
1 - 0% - 60%
2 - 0% - 40%
PK3 Defense
1 - 0% - 60%
2 - 0% - 40%
44 Forward
1 - 0% - 60%
2 - 0% - 40%
44 Defense
1 - 0% - 60%
2 - 0% - 40%
Last Minute Offensive - 0:00
Last Minute Defensive - 0:00
Total
Forward - 60:00
Defense - 60:00
|
% Time on Ice - Atomiques
Lines # - Real PCT - Wanted PCT - Time Play
Normal Forward
1 - 35% - 40% - 16:51
2 - 29% - 30% - 13:57
3 - 22% - 20% - 10:37
4 - 14% - 10% - 6:40
Normal Defense
1 - 40% - 40% - 19:27
2 - 28% - 30% - 13:30
3 - 23% - 20% - 10:51
4 - 9% - 10% - 4:17
PP Forward
1 - 57% - 60% - 4:32
2 - 43% - 40% - 3:25
PP Defense
1 - 60% - 60% - 4:46
2 - 40% - 40% - 3:11
PK Forward
1 - 76% - 60% - 3:01
2 - 24% - 40% - 0:57
PK Defense
1 - 57% - 60% - 2:16
2 - 43% - 40% - 1:42
PK3 Forward
1 - 0% - 60%
2 - 0% - 40%
PK3 Defense
1 - 0% - 60%
2 - 0% - 40%
44 Forward
1 - 0% - 60%
2 - 0% - 40%
44 Defense
1 - 0% - 60%
2 - 0% - 40%
Last Minute Offensive - 0:00
Last Minute Defensive - 0:00
Total
Forward - 60:00
Defense - 60:00
|
Play by Play
1st period
0:01 of 1st period - Marc-André Cliche wins face-off versus Mike Zigomanis in neutral zone.
0:06 of 1st period - Wrist shot by Dwight King.
0:06 of 1st period - Goal by Dwight King - Rafales : 0 - Atomiques : 1.
0:07 of 1st period - Jarret Stoll wins face-off versus Brett Sutter in neutral zone.
0:16 of 1st period - Snap shot by Tim Crowder.
0:16 of 1st period - Shot Misses the Net.
0:18 of 1st period - Snap shot by Connor Murphy.
0:18 of 1st period - Stopped by Jeremy Smith with a rebound.
0:20 of 1st period - Slapshot by Connor Murphy.
0:20 of 1st period - Stopped by Jeremy Smith without a rebound.
0:21 of 1st period - Nathan Davis wins face-off versus Andreas Engqvist in Atomiques zone.
0:46 of 1st period - Colby Cohen is hit by Marc-André Gragnani and loses puck.
1:17 of 1st period - Snap shot by Darren Kramer.
1:17 of 1st period - Stopped by Leland Irving without a rebound.
1:18 of 1st period - Michael Bournival wins face-off versus Brett Sutter in Rafales zone.
1:18 of 1st period - Michael Bournival is hit by Brett Sutter.
1:25 of 1st period - Icing by Marc-André Gragnani.
1:26 of 1st period - Brett Sutter wins face-off versus Jarret Stoll in Rafales zone.
1:29 of 1st period - Snap shot by Kenndal McArdle.
1:29 of 1st period - Shot Misses the Net.
1:37 of 1st period - Kyle Wharton is hit by Tim Crowder and loses puck.
2:25 of 1st period - Minor Penalty to Kyle Wharton for Hooking.
2:26 of 1st period - Mike Zigomanis wins face-off versus Andreas Engqvist in Atomiques zone.
3:50 of 1st period - Steve McCarthy is hit by Cody McLeod and loses puck.
4:06 of 1st period - Andreas Engqvist is hit by Brian Ferlin and loses puck.
4:25 of 1st period - Penalty to Kyle Wharton is over, Kyle Wharton is back on ice.
4:39 of 1st period - Brock McGinn is hit by Chris Terry.
5:49 of 1st period - Minor Penalty to Dylan McIlrath for Roughing.
5:50 of 1st period - Mike Zigomanis wins face-off versus Marc-André Cliche in Rafales zone.
6:17 of 1st period - Mike Zigomanis is hit by Kenndal McArdle and loses puck.
6:24 of 1st period - Wrist shot by Kenndal McArdle.
6:24 of 1st period - Stopped by Leland Irving without a rebound.
6:25 of 1st period - Brett Sutter wins face-off versus Cody McLeod in Rafales zone.
6:30 of 1st period - Wrist shot by Kenndal McArdle.
6:30 of 1st period - Shot Misses the Net.
6:38 of 1st period - Connor Murphy is hit by Bobby Farnham and loses puck.
6:57 of 1st period - Wrist shot by Dwight King.
6:57 of 1st period - Shot Misses the Net.
6:59 of 1st period - Wrist shot by Corey Tropp.
6:59 of 1st period - Stopped by Leland Irving without a rebound.
7:00 of 1st period - Mike Zigomanis wins face-off versus Dwight King in Rafales zone.
7:49 of 1st period - Penalty to Dylan McIlrath is over, Dylan McIlrath is back on ice.
8:14 of 1st period - Wrist shot by Brock McGinn.
8:14 of 1st period - Shot Misses the Net.
8:52 of 1st period - Wrist shot by Brett Sutter.
8:52 of 1st period - Shot Misses the Net.
9:04 of 1st period - Kyle Wharton is hit by Chris Terry and loses puck.
9:17 of 1st period - Wrist shot by Marc-André Cliche.
9:17 of 1st period - Stopped by Leland Irving with a rebound.
9:41 of 1st period - Snap shot by Brock McGinn.
9:41 of 1st period - Stopped by Leland Irving with a rebound.
9:43 of 1st period - Slapshot by Kyle Wharton.
9:43 of 1st period - Stopped by Leland Irving without a rebound.
9:44 of 1st period - Marc-André Cliche wins face-off versus Mike Zigomanis in Rafales zone.
9:53 of 1st period - Wrist shot by Corey Tropp.
9:53 of 1st period - Stopped by Leland Irving with a rebound.
10:09 of 1st period - Wrist shot by Andreas Engqvist.
10:09 of 1st period - Stopped by Leland Irving without a rebound.
10:10 of 1st period - Jarret Stoll wins face-off versus Andreas Engqvist in Rafales zone.
10:35 of 1st period - Marc-André Cliche is hit by Milan Bartovic and loses puck.
10:56 of 1st period - Shayne Gostisbehere is hit by Carl Klingberg and loses puck.
11:39 of 1st period - Marc-André Cliche is hit by Milan Bartovic.
11:52 of 1st period - Milan Bartovic is hit by Dwight King and loses puck.
12:03 of 1st period - Dwight King is hit by Cody McLeod and loses puck.
12:30 of 1st period - Corey Tropp is hit by Milan Bartovic and loses puck.
12:41 of 1st period - Mike Zigomanis is hit by Corey Tropp and loses puck.
13:03 of 1st period - Slapshot by Corey Tropp.
13:03 of 1st period - Goal by Corey Tropp - Rafales : 0 - Atomiques : 2.
13:04 of 1st period - Brett Sutter wins face-off versus Jarret Stoll in neutral zone.
13:17 of 1st period - Snap shot by Kenndal McArdle.
13:17 of 1st period - Shot Misses the Net.
13:19 of 1st period - Snap shot by Kenndal McArdle.
13:19 of 1st period - Stopped by Leland Irving without a rebound.
13:20 of 1st period - Nathan Davis wins face-off versus Andreas Engqvist in Rafales zone.
13:20 of 1st period - Nathan Davis is hit by Kyle Wharton.
13:23 of 1st period - Double Minor Penalty to Carl Klingberg for High sticking.
13:24 of 1st period - Jarret Stoll wins face-off versus Brett Sutter in Rafales zone.
13:36 of 1st period - Snap shot by Brett Sutter.
13:36 of 1st period - Shot Blocked by Jarret Stoll.
13:38 of 1st period - Slapshot by Kyle Wharton.
13:38 of 1st period - Shot Misses the Net.
13:40 of 1st period - Wrist shot by Bobby Farnham.
13:40 of 1st period - Shot Blocked by Marc-André Gragnani.
17:23 of 1st period - Penalty to Carl Klingberg is over, Carl Klingberg is back on ice.
17:27 of 1st period - Icing by Steve McCarthy.
17:28 of 1st period - James Marcou wins face-off versus Mike Halmo in Atomiques zone.
17:29 of 1st period - Wrist shot by Kevin Veilleux.
17:29 of 1st period - Stopped by Jeremy Smith without a rebound.
17:30 of 1st period - Kevin Veilleux wins face-off versus Andreas Engqvist in Atomiques zone.
17:35 of 1st period - Slapshot by Marc-André Gragnani.
17:35 of 1st period - Stopped by Jeremy Smith without a rebound.
17:36 of 1st period - Andreas Engqvist wins face-off versus Kevin Veilleux in Atomiques zone.
17:36 of 1st period - Andreas Engqvist is hit by Kevin Veilleux.
17:49 of 1st period - Slapshot by Marc-André Gragnani.
17:49 of 1st period - Deflect By Shayne Gostisbehere.
17:49 of 1st period - Stopped by Jeremy Smith with a rebound.
18:10 of 1st period - Off-side.
18:11 of 1st period - Mike Zigomanis wins face-off versus Marc-André Cliche in neutral zone.
18:24 of 1st period - Steve McCarthy is hit by Julian Melchiori and loses puck.
18:58 of 1st period - Slapshot by Connor Murphy.
18:58 of 1st period - Shot Misses the Net.
19:00 of 1st period - Slapshot by Julian Melchiori.
19:00 of 1st period - Stopped by Jeremy Smith with a rebound.
19:02 of 1st period - Slapshot by Connor Murphy.
19:02 of 1st period - Goal by Connor Murphy - Rafales : 1 - Atomiques : 2.
19:03 of 1st period - Marc-André Cliche wins face-off versus Mike Zigomanis in neutral zone.
19:07 of 1st period - Icing by Mark Fayne.
19:08 of 1st period - Marc-André Cliche wins face-off versus Mike Zigomanis in Rafales zone.
19:11 of 1st period - Slapshot by Dwight King.
19:11 of 1st period - Deflect By Marc-André Cliche.
19:11 of 1st period - Stopped by Leland Irving without a rebound.
19:12 of 1st period - Cody McLeod wins face-off versus Dwight King in Rafales zone.
19:31 of 1st period - Wrist shot by Milan Bartovic.
19:31 of 1st period - Shot Misses the Net.
19:39 of 1st period - Slapshot by Mike Zigomanis.
19:39 of 1st period - Stopped by Jeremy Smith without a rebound.
19:40 of 1st period - Brett Sutter wins face-off versus Jarret Stoll in Atomiques zone.
Goals for this period are 1 for Rafales vs 2 for Atomiques.
Shots for this period are 8 for Rafales vs 12 for Atomiques.
2nd period
0:01 of 2nd period - Marc-André Cliche wins face-off versus Mike Zigomanis in neutral zone.
0:03 of 2nd period - Off-side.
0:04 of 2nd period - Marc-André Cliche wins face-off versus Mike Zigomanis in neutral zone.
0:07 of 2nd period - Slapshot by Steve McCarthy.
0:07 of 2nd period - Shot Blocked by Mike Zigomanis.
0:09 of 2nd period - Wrist shot by Marc-André Cliche.
0:09 of 2nd period - Stopped by Leland Irving with a rebound.
0:11 of 2nd period - Snap shot by Corey Tropp.
0:11 of 2nd period - Shot Misses the Net.
1:22 of 2nd period - Snap shot by Kevin Veilleux.
1:22 of 2nd period - Shot Blocked by Shayne Gostisbehere.
1:38 of 2nd period - Snap shot by Mike Zigomanis.
1:38 of 2nd period - Goal by Mike Zigomanis - Rafales : 2 - Atomiques : 2.
1:39 of 2nd period - Milan Bartovic wins face-off versus Marc-André Cliche in neutral zone.
1:43 of 2nd period - Off-side.
1:44 of 2nd period - Marc-André Cliche wins face-off versus Mike Zigomanis in neutral zone.
2:09 of 2nd period - Slapshot by Dwight King.
2:09 of 2nd period - Deflect By Marc-André Cliche.
2:09 of 2nd period - Shot Misses the Net.
2:09 of 2nd period - Puck is out of play.
2:10 of 2nd period - Brett Sutter wins face-off versus Nathan Davis in Rafales zone.
2:13 of 2nd period - Wrist shot by Brett Sutter.
2:13 of 2nd period - Stopped by Leland Irving with a rebound.
2:17 of 2nd period - Backhand shot by Steve McCarthy.
2:17 of 2nd period - Stopped by Leland Irving without a rebound.
2:18 of 2nd period - Brett Sutter wins face-off versus Nathan Davis in Rafales zone.
2:27 of 2nd period - Slapshot by Connor Murphy.
2:27 of 2nd period - Shot Misses the Net.
3:07 of 2nd period - Wrist shot by Brett Sutter.
3:07 of 2nd period - Stopped by Leland Irving with a rebound.
3:09 of 2nd period - Backhand shot by Kenndal McArdle.
3:09 of 2nd period - Deflect By Cody McLeod.
3:09 of 2nd period - Shot Blocked by Cody McLeod.
3:09 of 2nd period - Puck is out of play.
3:10 of 2nd period - Mike Zigomanis wins face-off versus Marc-André Cliche in Rafales zone.
3:17 of 2nd period - Wrist shot by Mike Zigomanis.
3:17 of 2nd period - Shot Misses the Net.
3:19 of 2nd period - Snap shot by Cody McLeod.
3:19 of 2nd period - Stopped by Jeremy Smith with a rebound.
3:21 of 2nd period - Backhand shot by Cody McLeod.
3:21 of 2nd period - Shot Misses the Net.
3:23 of 2nd period - Slapshot by Marc-André Gragnani.
3:23 of 2nd period - Stopped by Jeremy Smith with a rebound.
3:25 of 2nd period - Wrist shot by Mike Zigomanis.
3:25 of 2nd period - Stopped by Jeremy Smith with a rebound.
3:35 of 2nd period - Andrew Kozek is hit by Michael Bournival and loses puck.
3:42 of 2nd period - Snap shot by Jonas Junland.
3:42 of 2nd period - Shot Blocked by Tim Crowder.
3:44 of 2nd period - Slapshot by Jonas Junland.
3:44 of 2nd period - Stopped by Leland Irving with a rebound.
3:46 of 2nd period - Slapshot by Jonas Junland.
3:46 of 2nd period - Shot Misses the Net.
4:01 of 2nd period - Snap shot by Nathan Davis.
4:01 of 2nd period - Shot Misses the Net.
4:29 of 2nd period - Dwight King is hit by Mike Zigomanis.
4:57 of 2nd period - Slapshot by Connor Murphy.
4:57 of 2nd period - Stopped by Jeremy Smith with a rebound.
4:59 of 2nd period - Wrist shot by Jarret Stoll.
4:59 of 2nd period - Stopped by Jeremy Smith without a rebound.
5:00 of 2nd period - Jarret Stoll wins face-off versus Brett Sutter in Atomiques zone.
5:01 of 2nd period - Snap shot by Michael Bournival.
5:01 of 2nd period - Shot Blocked by Brett Sutter.
5:15 of 2nd period - Jonas Junland is hit by Tim Crowder and loses puck.
5:56 of 2nd period - Wrist shot by Kenndal McArdle.
5:56 of 2nd period - Stopped by Leland Irving with a rebound.
6:15 of 2nd period - Slapshot by Bobby Farnham.
6:15 of 2nd period - Stopped by Leland Irving with a rebound.
6:23 of 2nd period - Snap shot by Michael Bournival.
6:23 of 2nd period - Shot Misses the Net.
6:25 of 2nd period - Snap shot by Michael Bournival.
6:25 of 2nd period - Stopped by Jeremy Smith with a rebound.
6:27 of 2nd period - Wrist shot by Jarret Stoll.
6:27 of 2nd period - Stopped by Jeremy Smith with a rebound.
6:29 of 2nd period - Slapshot by Julian Melchiori.
6:29 of 2nd period - Stopped by Jeremy Smith with a rebound.
6:31 of 2nd period - Snap shot by Michael Bournival.
6:31 of 2nd period - Shot Blocked by Shayne Gostisbehere.
6:33 of 2nd period - Slapshot by Julian Melchiori.
6:33 of 2nd period - Deflect By Michael Bournival.
6:33 of 2nd period - Shot Blocked by Bobby Farnham.
6:33 of 2nd period - Puck is out of play.
6:34 of 2nd period - Mike Zigomanis wins face-off versus Marc-André Cliche in Atomiques zone.
6:41 of 2nd period - Dwight King is hit by Milan Bartovic and loses puck.
7:01 of 2nd period - Shayne Gostisbehere is hit by Carl Klingberg and loses puck.
7:10 of 2nd period - Jonas Junland is hit by Brian Ferlin and loses puck.
7:30 of 2nd period - Jonas Junland is hit by Marc-André Gragnani and loses puck.
8:31 of 2nd period - Icing by Colby Cohen.
8:32 of 2nd period - Andreas Engqvist wins face-off versus Nathan Davis in Atomiques zone.
8:54 of 2nd period - Snap shot by Dwight King.
8:54 of 2nd period - Stopped by Leland Irving without a rebound.
8:55 of 2nd period - Mike Zigomanis wins face-off versus Marc-André Cliche in Rafales zone.
9:30 of 2nd period - Slapshot by Marc-André Gragnani.
9:30 of 2nd period - Stopped by Jeremy Smith with a rebound.
10:04 of 2nd period - Snap shot by Chris Terry.
10:04 of 2nd period - Stopped by Jeremy Smith without a rebound.
10:05 of 2nd period - Kevin Veilleux wins face-off versus Darren Kramer in Atomiques zone.
11:09 of 2nd period - Slapshot by Connor Murphy.
11:09 of 2nd period - Stopped by Jeremy Smith without a rebound.
11:10 of 2nd period - Marc-André Cliche wins face-off versus Cody McLeod in Atomiques zone.
11:10 of 2nd period - Marc-André Cliche is hit by Mark Fayne.
11:22 of 2nd period - Slapshot by Kyle Wharton.
11:22 of 2nd period - Shot Blocked by Mike Zigomanis.
11:37 of 2nd period - Minor Penalty to Mark Fayne for Roughing.
11:38 of 2nd period - Marc-André Cliche wins face-off versus Mike Zigomanis in Rafales zone.
11:47 of 2nd period - Snap shot by Corey Tropp.
11:47 of 2nd period - Shot Misses the Net.
11:49 of 2nd period - Slapshot by Steve McCarthy.
11:49 of 2nd period - Stopped by Leland Irving without a rebound.
11:50 of 2nd period - Mike Zigomanis wins face-off versus Marc-André Cliche in Rafales zone.
13:37 of 2nd period - Penalty to Mark Fayne is over, Mark Fayne is back on ice.
14:59 of 2nd period - Andrew Kozek is hit by Julian Melchiori and loses puck.
15:41 of 2nd period - Snap shot by Andrew Kozek.
15:41 of 2nd period - Deflect By Andreas Engqvist.
15:41 of 2nd period - Shot Blocked by Brian Ferlin.
15:41 of 2nd period - Puck is out of play.
15:42 of 2nd period - Marc-André Cliche wins face-off versus Mike Zigomanis in Rafales zone.
15:45 of 2nd period - Snap shot by Corey Tropp.
15:45 of 2nd period - Stopped by Leland Irving with a rebound.
15:50 of 2nd period - Icing by Mike Zigomanis.
15:51 of 2nd period - Marc-André Cliche wins face-off versus Mike Zigomanis in Rafales zone.
16:06 of 2nd period - Slapshot by Cody McLeod.
16:06 of 2nd period - Deflect By Mike Zigomanis.
16:06 of 2nd period - Goal by Mike Zigomanis - Rafales : 3 - Atomiques : 2.
16:07 of 2nd period - Cody McLeod wins face-off versus Marc-André Cliche in neutral zone.
16:12 of 2nd period - Snap shot by Mike Zigomanis.
16:12 of 2nd period - Shot Misses the Net.
16:14 of 2nd period - Wrist shot by Cody McLeod.
16:14 of 2nd period - Goal by Cody McLeod - Rafales : 4 - Atomiques : 2.
16:15 of 2nd period - Dwight King wins face-off versus Mike Zigomanis in neutral zone.
16:21 of 2nd period - Icing by Marc-André Gragnani.
16:22 of 2nd period - Mike Zigomanis wins face-off versus Marc-André Cliche in Rafales zone.
16:45 of 2nd period - Steve McCarthy is hit by Milan Bartovic and loses puck.
17:24 of 2nd period - Slapshot by Marc-André Gragnani.
17:24 of 2nd period - Shot Misses the Net.
17:26 of 2nd period - Snap shot by Mike Zigomanis.
17:26 of 2nd period - Shot Misses the Net.
18:06 of 2nd period - Snap shot by Cody McLeod.
18:06 of 2nd period - Shot Misses the Net.
18:08 of 2nd period - Slapshot by Marc-André Gragnani.
18:08 of 2nd period - Shot Misses the Net.
18:16 of 2nd period - Wrist shot by Cody McLeod.
18:16 of 2nd period - Deflect By Milan Bartovic.
18:16 of 2nd period - Shot Misses the Net.
18:16 of 2nd period - Puck is out of play.
18:17 of 2nd period - Brett Sutter wins face-off versus Jarret Stoll in Atomiques zone.
18:30 of 2nd period - Wrist shot by Shayne Gostisbehere.
18:30 of 2nd period - Shot Misses the Net.
18:32 of 2nd period - Backhand shot by Shayne Gostisbehere.
18:32 of 2nd period - Deflect By Jarret Stoll.
18:32 of 2nd period - Stopped by Leland Irving with a rebound.
18:50 of 2nd period - Wrist shot by Carl Klingberg.
18:50 of 2nd period - Deflect By Andreas Engqvist.
18:50 of 2nd period - Goal by Carl Klingberg - Rafales : 5 - Atomiques : 2.
18:50 of 2nd period - Sergei Bobrovsky enters game.
18:51 of 2nd period - Brett Sutter wins face-off versus Jarret Stoll in neutral zone.
19:04 of 2nd period - Slapshot by Michael Bournival.
19:04 of 2nd period - Shot Misses the Net.
19:06 of 2nd period - Wrist shot by Tim Crowder.
19:06 of 2nd period - Shot Misses the Net.
19:16 of 2nd period - Shayne Gostisbehere is hit by Chris Terry and loses puck.
19:31 of 2nd period - Snap shot by Kenndal McArdle.
19:31 of 2nd period - Shot Misses the Net.
19:33 of 2nd period - Slapshot by Kenndal McArdle.
19:33 of 2nd period - Stopped by Leland Irving with a rebound.
19:55 of 2nd period - Chris Terry is hit by Brett Sutter and loses puck.
Goals for this period are 4 for Rafales vs 0 for Atomiques.
Shots for this period are 15 for Rafales vs 12 for Atomiques.
3rd period
0:01 of 3rd period - Mike Zigomanis wins face-off versus Corey Tropp in neutral zone.
0:28 of 3rd period - Kenndal McArdle is hit by Tim Crowder and loses puck.
0:55 of 3rd period - Snap shot by Brian Ferlin.
0:55 of 3rd period - Stopped by Sergei Bobrovsky without a rebound.
0:56 of 3rd period - Mike Zigomanis wins face-off versus Marc-André Cliche in Atomiques zone.
1:21 of 3rd period - Marc-André Cliche is hit by Julian Melchiori and loses puck.
1:39 of 3rd period - Snap shot by Dwight King.
1:39 of 3rd period - Shot Misses the Net.
1:51 of 3rd period - Slapshot by Corey Tropp.
1:51 of 3rd period - Shot Misses the Net.
1:53 of 3rd period - Slapshot by Kyle Wharton.
1:53 of 3rd period - Goal by Kyle Wharton - Rafales : 5 - Atomiques : 3.
1:54 of 3rd period - Brett Sutter wins face-off versus Mike Zigomanis in neutral zone.
2:03 of 3rd period - Slapshot by Brett Sutter.
2:03 of 3rd period - Stopped by Leland Irving with a rebound.
2:05 of 3rd period - Snap shot by Kenndal McArdle.
2:05 of 3rd period - Shot Misses the Net.
2:21 of 3rd period - Kyle Wharton is hit by Marc-André Gragnani and loses puck.
3:15 of 3rd period - Shayne Gostisbehere is hit by Kevin Veilleux and loses puck.
3:52 of 3rd period - Slapshot by Andrew Kozek.
3:52 of 3rd period - Shot Blocked by Mark Fayne.
4:31 of 3rd period - Colby Cohen is hit by Marc-André Gragnani and loses puck.
4:50 of 3rd period - Wrist shot by Brett Sutter.
4:50 of 3rd period - Stopped by Leland Irving without a rebound.
4:51 of 3rd period - Brett Sutter wins face-off versus Jarret Stoll in Rafales zone.
5:15 of 3rd period - Minor Penalty to Brett Sutter for Holding.
5:16 of 3rd period - Dwight King wins face-off versus Mike Zigomanis in Atomiques zone.
5:16 of 3rd period - Dwight King is hit by Mike Zigomanis.
5:41 of 3rd period - Dwight King is hit by Mark Fayne and loses puck.
6:00 of 3rd period - Marc-André Cliche is hit by Milan Bartovic and loses puck.
6:45 of 3rd period - Julian Melchiori is hit by Andreas Engqvist.
7:15 of 3rd period - Penalty to Brett Sutter is over, Brett Sutter is back on ice.
7:25 of 3rd period - Brock McGinn is hit by Marc-André Gragnani and loses puck.
7:52 of 3rd period - Marc-André Cliche is hit by Kevin Veilleux and loses puck.
8:03 of 3rd period - Nathan Davis is hit by Andrew Kozek and loses puck.
8:32 of 3rd period - Eric Gustafsson is hit by Michael Bournival and loses puck.
8:45 of 3rd period - Snap shot by Dwight King.
8:45 of 3rd period - Shot Blocked by Marc-André Gragnani.
9:12 of 3rd period - Icing by Marc-André Gragnani.
9:13 of 3rd period - Kevin Veilleux wins face-off versus Mitch Callahan in Rafales zone.
9:20 of 3rd period - Slapshot by Marc-André Gragnani.
9:20 of 3rd period - Deflect By Michael Bournival.
9:20 of 3rd period - Stopped by Sergei Bobrovsky without a rebound.
9:21 of 3rd period - Marc-André Cliche wins face-off versus Jarret Stoll in Atomiques zone.
9:32 of 3rd period - Slapshot by Dwight King.
9:32 of 3rd period - Goal by Dwight King - Rafales : 5 - Atomiques : 4.
9:33 of 3rd period - Marc-André Cliche wins face-off versus Mike Zigomanis in neutral zone.
9:58 of 3rd period - Bobby Farnham is hit by Tim Crowder and loses puck.
10:03 of 3rd period - Snap shot by Tim Crowder.
10:03 of 3rd period - Shot Blocked by Kyle Wharton.
10:05 of 3rd period - Wrist shot by Michael Bournival.
10:05 of 3rd period - Shot Blocked by Kyle Wharton.
10:07 of 3rd period - Snap shot by Marc-André Gragnani.
10:07 of 3rd period - Stopped by Sergei Bobrovsky with a rebound.
10:19 of 3rd period - Marc-André Gragnani is hit by Steve McCarthy.
11:00 of 3rd period - Slapshot by Shayne Gostisbehere.
11:00 of 3rd period - Stopped by Leland Irving with a rebound.
11:02 of 3rd period - Wrist shot by Dwight King.
11:02 of 3rd period - Stopped by Leland Irving without a rebound.
11:03 of 3rd period - Milan Bartovic wins face-off versus Marc-André Cliche in Rafales zone.
11:03 of 3rd period - Milan Bartovic is hit by Corey Tropp.
11:10 of 3rd period - Marc-André Gragnani is hit by Marc-André Cliche and loses puck.
11:29 of 3rd period - Mark Fayne is hit by Kenndal McArdle and loses puck.
11:52 of 3rd period - Snap shot by Andreas Engqvist.
11:52 of 3rd period - Deflect By Carl Klingberg.
11:52 of 3rd period - Shot Blocked by Nathan Davis.
11:52 of 3rd period - Puck is out of play.
11:53 of 3rd period - Mike Zigomanis wins face-off versus Andreas Engqvist in Rafales zone.
12:15 of 3rd period - Snap shot by Andrew Kozek.
12:15 of 3rd period - Stopped by Leland Irving without a rebound.
12:16 of 3rd period - Jarret Stoll wins face-off versus Marc-André Cliche in Rafales zone.
12:27 of 3rd period - Snap shot by Jarret Stoll.
12:27 of 3rd period - Stopped by Sergei Bobrovsky without a rebound.
12:28 of 3rd period - Mike Zigomanis wins face-off versus Marc-André Cliche in Atomiques zone.
12:39 of 3rd period - Marc-André Gragnani is hit by Kyle Wharton.
13:13 of 3rd period - Slapshot by Shayne Gostisbehere.
13:13 of 3rd period - Shot Misses the Net.
13:25 of 3rd period - Brian Ferlin is hit by Mitch Callahan and loses puck.
14:28 of 3rd period - Tim Crowder is hit by Bobby Farnham and loses puck.
14:35 of 3rd period - Julian Melchiori is hit by Jonas Junland.
14:39 of 3rd period - Julian Melchiori is hit by Jonas Junland.
14:57 of 3rd period - Tim Crowder is hit by Max McCormick and loses puck.
15:57 of 3rd period - Slapshot by Kevin Veilleux.
15:57 of 3rd period - Goal by Kevin Veilleux - Rafales : 6 - Atomiques : 4.
15:58 of 3rd period - Nathan Davis wins face-off versus Andreas Engqvist in neutral zone.
15:58 of 3rd period - Nathan Davis is hit by Kyle Wharton.
16:02 of 3rd period - Slapshot by Marc-André Gragnani.
16:02 of 3rd period - Shot Blocked by Kyle Wharton.
17:33 of 3rd period - Wrist shot by Andreas Engqvist.
17:33 of 3rd period - Stopped by Leland Irving without a rebound.
17:34 of 3rd period - Mike Zigomanis wins face-off versus Marc-André Cliche in Rafales zone.
17:38 of 3rd period - Off-side.
17:39 of 3rd period - Marc-André Cliche wins face-off versus Mike Zigomanis in neutral zone.
17:39 of 3rd period - Marc-André Cliche is hit by Milan Bartovic.
18:05 of 3rd period - Nathan Davis is hit by Andreas Engqvist and loses puck.
18:30 of 3rd period - Slapshot by Michael Bournival.
18:30 of 3rd period - Shot Blocked by Eric Mestery.
18:32 of 3rd period - Slapshot by Connor Murphy.
18:32 of 3rd period - Shot Misses the Net.
18:34 of 3rd period - Snap shot by Michael Bournival.
18:34 of 3rd period - Shot Blocked by Eric Mestery.
18:54 of 3rd period - Eric Mestery is hit by Cody McLeod and loses puck.
19:17 of 3rd period - Kyle Wharton is hit by Nathan Davis.
19:21 of 3rd period - Wrist shot by Carl Klingberg.
19:21 of 3rd period - Stopped by Sergei Bobrovsky without a rebound.
19:22 of 3rd period - Nathan Davis wins face-off versus Andreas Engqvist in Atomiques zone.
19:29 of 3rd period - Wrist shot by Carl Klingberg.
19:29 of 3rd period - Shot Misses the Net.
19:31 of 3rd period - Slapshot by Mark Fayne.
19:31 of 3rd period - Shot Blocked by Steve McCarthy.
19:33 of 3rd period - Wrist shot by Connor Murphy.
19:33 of 3rd period - Deflect By Nathan Davis.
19:33 of 3rd period - Stopped by Sergei Bobrovsky without a rebound.
19:34 of 3rd period - Andreas Engqvist wins face-off versus Nathan Davis in Atomiques zone.
Goals for this period are 1 for Rafales vs 2 for Atomiques.
Shots for this period are 7 for Rafales vs 8 for Atomiques.
Back to the Top